 Dungeon Crawl Stone Soup version 0.18.1-50-g88ac8fd (webtiles) character file.

101 go0n the Shield-Bearer (level 5, -6/42 HPs)
             Began as a Formicid Fighter on Sept 25, 2016.
             Mangled by Crazy Yiuf
             ... wielding a +4 quarterstaff of chaos
              (9 damage)
             ... on level 2 of the Dungeon.
             The game lasted 00:05:00 (1848 turns).

go0n the Shield-Bearer (Formicid Fighter)           Turns: 1848, Time: 00:05:00

Health: -6/42      AC: 11    Str: 26    XL:     5   Next: 4%
Magic:  5/5        EV:  5    Int:  8    God:
Gold:   213        SH:  0    Dex: 10    Spells: 0 memorised, 4 levels left

rFire  . . .     SeeInvis +     a - +0 long sword
rCold  . . .     Gourm    .     l - +0 plate armour
rNeg   . . .     Faith    .     c - +0 shield
rPois  .         Spirit   .     (helmet unavailable)
rElec  .         Dismiss  .     (no cloak)
rCorr  .         Reflect  .     (no gloves)
SustAt .         Harm     .     (no boots)
MR     .....                    (no amulet)
Stlth  ..........               (no ring)
                                q - ring of stealth

@: confused, mighty, lethally poisoned (-6 -> -13), not resistant to hostile
enchantments, extremely unstealthy
A: permanent stasis, dig shafts and tunnels, four strong arms, antennae 3
a: Dig, Shaft Self


You were on level 2 of the Dungeon.
You were not hungry.

You visited 1 branch of the dungeon, and saw 2 of its levels.

You collected 213 gold pieces.

Inventory:

Hand Weapons
 a - a +0 long sword (weapon)
Armour
 b - a +0 scale mail
 c - a +0 shield (worn)
 i - a +0 ring mail
 j - a +0 chain mail
 l - a +0 plate armour (worn)
 m - a +0 ring mail
Jewellery
 q - a ring of stealth (left hand)
Scrolls
 o - a scroll of identify
Potions
 k - 2 potions of berserk rage
Books
 n - a book of Burglary

   Spells                             Type                      Level
   a - Swiftness                      Charms/Air                   2
   b - Passwall                       Transmutation/Earth          2
   c - Passage of Golubria            Translocation                4
   d - Lee's Rapid Deconstruction     Earth                        5
   e - Darkness                       Hexes                        6
   f - Invisibility                   Hexes                        6
Comestibles
 f - a bread ration
 g - a meat ration
 p - 4 fruits
 r - 2 chunks of flesh


   Skills:
 + Level 3.8 Fighting
 + Level 2.9 Long Blades
 - Level 3.2 Armour
 * Level 5.3 Shields


You had 4 spell levels left.
You didn't know any spells.

Dungeon Overview and Level Annotations

Branches:
Dungeon (2/15)

Altars:

Annotations:
D:2 Crazy Yiuf


Innate Abilities, Weirdness & Mutations

You are under a permanent stasis effect.
You can dig through walls and to a lower floor.
Your four strong arms can wield two-handed weapons with a shield.
You have a pair of large antennae on your head (SInv).


Message History

* * * LOW HITPOINT WARNING * * *
Drink which item? (? for menu, Esc to quit)
You are confused.
You feel invigorated.
* * * LOW HITPOINT WARNING * * *
You feel sick.
Crazy Yiuf hits you with a quarterstaff of chaos.
* * * LOW HITPOINT WARNING * * *
Crazy Yiuf burns you.
* * * LOW HITPOINT WARNING * * *
Drink which item? (? for menu, Esc to quit)
You are more confused.
You feel more invigorated.
* * * LOW HITPOINT WARNING * * *
You feel sick.
Crazy Yiuf laughs, "Mugger green childish!"
Crazy Yiuf hits you with a quarterstaff of chaos.
* * * LOW HITPOINT WARNING * * *
You are electrocuted!
You die...

####♣♣ #####
##....♣♣ ♣♣#..)#
##......♣♣♣♣.'@g.#
##........♣..♣#...#
##........♣.♣♣♣#####
......##♣♣♣♣♣
......# ......#####
............
............
............


You could see Crazy Yiuf.

Vanquished Creatures
  4 adders (D:2)
  4 worms (D:2)
  2 giant geckos
  4 bats (D:1)
  2 giant cockroaches (D:1)
  8 goblins
  8 hobgoblins
  2 jackals (D:2)
  6 kobolds
  2 quokkas (D:2)
  2 giant newts (D:2)
  7 rats
  A fungus (D:2)
52 creatures vanquished.

Vanquished Creatures (others)
  A fungus (D:2)
1 creature vanquished.

Grand Total: 53 creatures vanquished

Notes
Turn   | Place    | Note
--------------------------------------------------------------
     0 | D:1      | go0n the Formicid Fighter began the quest for the Orb.
     0 | D:1      | Reached XP level 1. HP: 18/18 MP: 1/1
   110 | D:1      | Reached XP level 2. HP: 21/24 MP: 2/2
   136 | D:1      | Reached skill level 4 in Shields
   399 | D:1      | Reached XP level 3. HP: 25/29 MP: 3/3
  1097 | D:2      | Reached XP level 4. HP: 22/37 MP: 4/4
  1327 | D:2      | Reached skill level 5 in Shields
  1691 | D:2      | Reached XP level 5. HP: 26/42 MP: 5/5
  1839 | D:2      | Noticed Crazy Yiuf
  1848 | D:2      | Mangled by Crazy Yiuf

Skill      XL: |  1  2  3  4 |
---------------+-------------+-----
Shields        | 4 5 |  5.3
Fighting       | |  3.8
Long Blades    | |  2.9
Armour         | |  3.2

Action                   |  1- 3 |  4- 6 || total
-------------------------+-------+-------++-------
Melee: Long sword        |   112 |    81 ||   193
  Use: Scroll            |       |     4 ||     4
       Potion            |       |     3 ||     3
  Eat: Chunk             |       |     3 ||     3
Armor: Scale mail        |     6 |       ||     6
       Ring mail         |    34 |    22 ||    56
       Plate armour      |       |     1 ||     1
Dodge: Dodged            |    48 |    26 ||    74
Block: Shield            |    69 |    47 ||   116
